Map: Cyber Forest LE

Players

GhostHell

  • Race: Zerg Zerg
  • Spawn Location: 5:00

DIMAGA - Winner!

  • Race: Zerg Zerg
  • Spawn Location: 11:00

Event: 2019 WCS Spring

VOD

Have the link to the VOD?

Description

Time

  • Played on: May 17, 2019, 6:30 a.m.
  • Length: 7:18

All games in this series

Show
View Real Time Build Order
Export as new Build Order

GhostHell Zerg 

Build Orders: Hatch First 

Get SALT Encoding   

  12  0:00  Drone  
  13  0:14  Overlord  
  13  0:21  Drone  
  14  0:33  Drone x2  
  16  0:36  Drone  
  17  0:54  Hatchery  
  17  0:57  Drone  
  17  1:10  Spawning Pool  
  16  1:13  Drone  
  16  1:16  Extractor  
  16  1:18  Drone  
  17  1:22  Drone  
  18  1:33  Drone  
  19  1:42  Overlord  
  19  1:59  Queen  
  19  2:00  Zergling x2  
  22  2:02  Zergling x2  
  22  2:06  Queen, Zergling x2  
  24  2:16  Zergling x2  
  19  2:32  Zergling x2  
  19  2:41  Zergling x2  
  19  2:47  Drone  
  20  2:53  Drone  
  20  2:55  Drone  
  22  2:59  Drone  
  22  3:03  Drone  
  24  3:10  Drone  
  26  3:12  Drone  
  26  3:15  Drone  
  25  3:21  Drone  
  25  3:24  Drone  
  27  3:30  Drone x2  
  27  3:33  Drone  
  30  3:41  Drone x2  
  31  3:52  Evolution Chamber  
  31  3:53  Drone  
  31  3:58  Drone  
  31  4:00  Roach Warren  
  31  4:01  Drone  
  32  4:03  Drone  
  32  4:07  Drone  
  32  4:08  Drone  
  35  4:12  Overlord  
  35  4:18  Zerg Missile Weapons Level 1  
  35  4:24  Extractor, Drone x2  
  34  4:29  Overlord  
  36  4:32  Drone  
  37  4:42  Roach x3  
  43  4:45  Overlord  
  43  4:52  Roach x3  
  49  4:55  Roach  
  51  5:02  Overlord  
  51  5:05  Roach x2  
  55  5:12  Extractor  
  54  5:16  Roach x2  
  54  5:21  Roach  
  60  5:30  Roach x2  
  64  5:39  Overlord x3  
  64  6:00  Roach x6  
  76  6:08  Roach x2  
  76  6:09  Roach x2  
  84  6:14  Overlord  
  84  6:17  Overlord  
  84  6:38  Ravager x3  
  93  6:40  Roach x3  
  93  6:47  Overlord x2  
Show
View Real Time Build Order
Export as new Build Order

DIMAGA Zerg - Winner!

Build Orders: Pool First 

Get SALT Encoding   

  12  0:17  Spawning Pool  
  11  0:22  Drone  
  11  0:26  Drone  
  13  0:30  Drone  
  14  0:40  Overlord  
  14  1:04  Zergling x4  
  14  1:05  Zergling x2  
  17  1:16  Zergling x2  
  18  1:19  Hatchery  
  17  1:26  Zergling x2  
  18  1:37  Zergling x2  
  18  1:38  Queen  
  21  1:50  Overlord  
  21  1:59  Drone  
  22  2:15  Drone  
  23  2:16  Queen  
  25  2:26  Drone  
  24  2:34  Queen, Drone x2  
  24  2:50  Drone  
  24  2:51  Drone x4  
  29  2:57  Extractor  
  28  2:58  Extractor  
  28  2:59  Overlord  
  28  3:03  Drone  
  28  3:04  Drone  
  29  3:10  Drone  
  30  3:21  Drone x5  
  30  3:25  Drone  
  36  3:29  Drone x2  
  38  3:39  Evolution Chamber  
  37  3:42  Drone x3  
  37  3:46  Drone  
  41  3:52  Roach Warren  
  40  3:59  Drone x3  
  40  4:01  Drone  
  44  4:09  Lair  
  44  4:11  Extractor, Zerg Missile Weapons Level 1  
  44  4:14  Overlord  
  43  4:17  Drone  
  43  4:22  Overlord  
  44  4:34  Hatchery  
  44  4:38  Drone x3  
  44  4:39  Drone  
  47  4:47  Overlord  
  47  4:48  Roach  
  49  4:54  Roach x2  
  53  5:05  Overlord  
  53  5:07  Glial Reconstitution  
  53  5:08  Roach x3  
  53  5:09  Overseer  
  59  5:15  Roach x2  
  63  5:25  Roach x4  
  71  5:30  Overlord  
  71  5:32  Roach  
  73  5:36  Overlord  
  73  5:38  Roach  
  73  5:41  Overlord  
  75  5:51  Roach x5  
  85  5:57  Overlord  
  85  5:58  Overlord  
  85  6:08  Drone x2  
  88  6:11  Drone  
  88  6:12  Extractor  
  88  6:13  Drone x3  
  90  6:20  Roach x2  
  90  6:24  Roach x2  
  98  6:31  Overlord  
  98  6:32  Roach x2  
  102  6:40  Roach  
  102  6:41  Roach x2  
  108  6:48  Roach x3  
  108  6:49  Roach  
  108  6:53  Roach x2  
Tags
 
Add a new tag
Caveats
  • Supply blocks, unpowered buildings, or Contaminate may cause inaccurate times.
  • Supply counts are checked every 10 seconds.